 Dungeon Crawl Stone Soup version 0.29.1-2-gbd0b4ee654 (webtiles) character file.

Game seed: 10233637345777540293

16860 xian the Slicer (level 12, -10/73 HPs)
             Began as a Demonspawn Abyssal Knight on Nov 1, 2022.
             Was a High Priest of Lugonu.
             Killed from afar by a wretched star (22 damage)
             ... with a lance of force
             ... in a Gauntlet.
             The game lasted 00:40:17 (16163 turns).

xian the Slicer (Demonspawn Abyssal Knight)        Turns: 16163, Time: 00:40:18

Health: -10/73     AC: 23    Str: 27    XL:     12   Next: 13%
Magic:  10/10      EV:  8    Int:  7    God:    Lugonu [*****.]
Gold:   872        SH: 16    Dex: 15    Spells: 11/11 levels left

rFire   x . .      SeeInvis +   y - +8 short sword of Earthquakes {protect, Str+2 Int+2 Dex+4 SInv}
rCold   + . .      Faith    .   J - +0 tower shield
rNeg    + + .      Spirit   .   v - +0 storm dragon scales of Conscience {rElec rPois rN+ Str+7 Int-2}
rPois   +          Reflect  .   (no helmet)
rElec   +          Harm     .   (cloak unavailable)
rCorr   .          Rampage  .   (no gloves)
Will    .....      NoTele   +   S - +0 pair of boots
Stlth   ..........              (no amulet)
HPRegen 0.00/turn               f - +4 ring of protection
MPRegen 0.12/turn               F - ring of Saic {Ice rElec rN+}

@: under a protective aura, inhibited regen, unable to drink
A: thin metallic scales 1, spiny 2, demonic magic 1, weakness stinger 3, [clumsy
2], [deformed body], [dopey 2], [frail 2], [low MP 3], [inhibited regeneration],
[inability to drink after injury 2]
a: Renounce Religion, Depart the Abyss, Bend Space, Banish, Corrupt, Enter the
Abyss


You were in a Gauntlet.
You worshipped Lugonu.
Lugonu was extremely pleased with you.
You visited 2 branches of the dungeon, and saw 13 of its levels.
You visited the Abyss 1 time.
You also visited: Sewer and Gauntlet.

You collected 872 gold pieces.

Inventory:

Hand Weapons
 y - the +8 short sword of Earthquakes (weapon) {protect, Str+2 Int+2 Dex+4 SInv}
   (You found it on level 3 of the Dungeon)

   It grants its wielder temporary protection when it strikes (+7 to AC).
   Str:       It affects your strength (+2).
   Int:       It affects your intelligence (+2).
   Dex:       It affects your dexterity (+4).
   SInv:      It lets you see invisible.
 P - the +9 shortbow of Efoul {freeze, rCorr Int+3}
   (You found it on level 9 of the Dungeon)

   Any ammunition fired from it freezes those it strikes, dealing additional
   cold damage.
   It can also slow down cold-blooded creatures.
   Int:       It affects your intelligence (+3).
   rCorr:     It protects you from acid and corrosion.
Missiles
 r - 8 poisoned darts (quivered)
 M - 5 boomerangs
 Y - 6 javelins
Armour
 b - a +1 leather armour
 v - the +0 storm dragon scales of Conscience (worn) {rElec rPois rN+ Str+7 Int-2}
   (You found it in a sewer)

   Str:       It affects your strength (+7).
   Int:       It affects your intelligence (-2).
   rElec:     It insulates you from electricity.
   rPois:     It protects you from poison.
   rN:        It protects you from negative energy.
 w - +2 swamp dragon scales
 H - a +0 cloak
 J - a +0 tower shield (worn)
 S - a +0 pair of boots (worn)
 X - a +2 plate armour of willpower
Jewellery
 c - a ring of protection from fire
 f - a +4 ring of protection (left hand)
 h - a +4 ring of protection
 i - a ring of fire
 o - a +4 ring of evasion
 F - the ring of Saic (right hand) {Ice rElec rN+}
   (You acquired it on level 9 of the Dungeon)

   [ring of ice]

   It enhances your ice magic.
   rF:        It makes you vulnerable to fire.
   rC:        It protects you from cold.
   rElec:     It insulates you from electricity.
   rN:        It protects you from negative energy.
 I - a ring of fire
 U - the ring of Leicloit {rF+ rC+++ SInv}
   (You found it on level 10 of the Dungeon)

   [ring of see invisible]

   rF:        It protects you from fire.
   rC:        It renders you almost immune to cold.
   SInv:      It lets you see invisible.
 V - a ring of fire
Wands
 e - a wand of digging (7)
 B - a wand of flame (32)
 N - a wand of acid (17)
 O - a wand of polymorph (9)
Scrolls
 a - 3 scrolls of torment
 g - 3 scrolls of vulnerability
 j - 3 scrolls of butterflies
 k - a scroll of fear
 m - 9 scrolls of teleportation
 u - 2 scrolls of blinking
 x - 3 scrolls of enchant weapon
 C - a scroll of magic mapping
 E - 4 scrolls of amnesia {unknown}
 L - 6 scrolls of immolation
 Q - 3 scrolls of noise {unknown}
 Z - a scroll of brand weapon {unknown}
Potions
 d - 5 potions of curing
 l - a potion of magic
 n - 4 potions of brilliance
 p - 2 potions of cancellation
 q - 2 potions of might
 s - 2 potions of lignification
 t - 4 potions of heal wounds
 z - 2 potions of resistance
 A - a potion of haste
 G - a potion of flight
 K - a potion of mutation
 T - 3 potions of invisibility {unknown}
Miscellaneous
 D - a phantom mirror
 R - a condenser vane
 W - a box of beasts


   Skills:
 + Level 7.6 Fighting
 + Level 9.6 Short Blades
 + Level 2.1 Axes
 + Level 2.6 Throwing
 + Level 8.7 Armour
 + Level 5.9 Dodging
 + Level 1.4 Stealth
 + Level 9.2 Shields
 + Level 0.8 Unarmed Combat
 * Level 3.3 Invocations


You had 11 spell levels left.
You didn't know any spells.
Your spell library contained the following spells:

 Spells                   Type           Power      Damage    Failure   Level
 Apportation              Tloc           0%         N/A       100%        1
 Magic Dart               Conj           0%         1d3       100%        1
 Necrotise                Necr           0%         1d4       100%        1
 Sting                    Tmut/Pois      0%         1d3       100%        1
 Summon Small Mammal      Summ           0%         N/A       100%        1
 Call Imp                 Summ           0%         N/A       100%        2
 Poisonous Vapours        Pois/Air       0%         N/A       100%        2
 Dazzling Flash           Conj/Hex       0%         N/A       100%        3
 Mephitic Cloud           Conj/Pois/Air  0%         N/A       100%        3
 Corpse Rot               Necr/Pois/Air  0%         N/A       100%        4
 Iskenderun's Mystic Bla  Conj/Tloc      0%         2d3       100%        4
 Olgreb's Toxic Radiance  Pois           0%         N/A       100%        4
 Fireball                 Conj/Fire      0%         3d3       100%        5
 Iskenderun's Battlesphe  Conj           0%         2d6       100%        5
 Conjure Ball Lightning   Conj/Air       0%         3x3d6     100%        6
 Starburst                Conj/Fire      0%         6d3       100%        6
 Orb of Destruction       Conj           0%         9d5       100%        7


Dungeon Overview and Level Annotations

Branches:
Dungeon (11/15)            Temple (0/1) D:6            Lair (2/5) D:11
  Swamp (0/4) Lair:2       Spider (0/4) Lair:2          Orc (0/2) D:10
  Sewer (visited)         Gauntlet (1/1)

Altars:
Cheibriados
Gozag
Hepliaklqana
Kikubaaqudgha
Makhleb
Nemelex Xobeh
Qazlal
Ru
Sif Muna
Trog
Uskayaw
Wu Jian
Xom

Shops:
D:7 (   D:9 :

Annotations:
D:9 books
D:10 exclusion: orange crystal statue
D:11 2 transporters, Nerdsrcool's ghost, journeyman GnCA Gauntlet 7 transporters


Innate Abilities, Weirdness & Mutations

You are partially covered in thin metallic scales. (AC +2)
You are mostly covered in sharp spines.
Spells you cast may paralyse adjacent enemies.
You have a sharp stinger which inflicts weakening toxins.
[You are very clumsy. (Dex -4)]
[Armour fits poorly on your strangely shaped body.]
[You are very dopey. (Int -4)]
[You are very frail. (-20% HP)]
[Your magical capacity is extremely low. (-30% MP)]
[You do not regenerate when monsters are visible.]
[You sometimes lose the ability to drink potions when taking damage.]


Message History

The wretched star pulses with an eldritch light!
Your body twists and deforms.
You closely miss the wretched star.
The wretched star is severely damaged.
You hit the wretched star.
The wretched star is severely damaged.
The wretched star pulses with an eldritch light!
You feel frail. x2; You feel less energetic.
You hit the wretched star but do no damage.
The wretched star is severely damaged.
You closely miss the wretched star.
Your tail-slap misses the wretched star.
The wretched star is severely damaged.
The wretched star glows turbulently.
The lance of force misses you.
You hit the wretched star but do no damage.
The wretched star is severely damaged.
You hit the wretched star.
The wretched star is severely damaged.
The wretched star glows turbulently.
You block the lance of force.
You hit the wretched star but do no damage.
You tail-slap the wretched star, but do no damage.
The wretched star is severely damaged.
The wretched star glows turbulently.
The lance of force hits you but does no damage.
You puncture the wretched star!
The wretched star is almost destroyed.
The wretched star glows turbulently.
The lance of force hits you!!
You feel threatened and lose the ability to drink potions!
You are knocked back by the lance of force.
You slam into the translucent stone wall!
* * * LOW HITPOINT WARNING * * *
You cannot drink potions in your current state!
The wretched star pulses with an eldritch light!
Your regeneration stops near monsters.
The wretched star glows turbulently.
The lance of force hits you!!
You die...

##...#.........#...#####
#≈.∩.#..##^##..#...#....
##...#.#..#..#.#####.⌠.#
#≈...#.#.©#.^#[#...#..P.
##.8©#..#####.©#©.©#.8.©
#≈...#.#^.#.^#!#...#..P.
##...#.#..#..#(#####.8.#
#≈.∩.#..##^##..#...#....
##...#.@*......#...#####
#≈...###########........
##.....................8
##.8.....8.....8.......
#§...............######
##...#########...#.....
#≈...#w#ww...#...#..PP.
##...#.#.###"#####.P#P.
#≈...#.###..$#...#.PPP.


You could see a wretched star and 3 swamp worms.

Vanquished Creatures
  Erolcha (D:10)
  A hydra (D:11)
  Erica (D:8)
  Urug (D:11)
  Pikel (D:8)
  An ugly thing (D:11)
  Maurice (D:8)
  3 cane toads (Lair:1)
  2 kobold demonologists
  Maggie (D:7)
  A rime drake (Lair:1)
  A komodo dragon (Lair:1)
  2 trolls (D:10)
  A hornet (D:10)
  Prince Ribbit (D:5)
  The ghost of OhItsWolfy the Trooper, an amateur GrFi (D:6)
  A jumping spider (Lair:2)
  2 unseen horror simulacra (D:6)
  23 yaks
  Eustachio (D:6)
  A vampire (D:10)
  Grum (D:11)
  2 steam dragons
  2 acid dragons
  9 water moccasins
  A swamp drake (D:10)
  6 orc warriors
  2 ice beasts
  2 ogres
  A black bear (Lair:1)
  2 wolves (D:11)
  11 centaurs
  2 phantoms
  8 bullfrogs
  A necrophage (D:4)
  Blork the orc (D:6)
  A scorpion (D:5)
  7 wights
  A small abomination (Gauntlet)
  A howler monkey (D:9)
  2 hounds (D:5)
  A centaur zombie (D:6)
  Crazy Yiuf (D:7)
  4 jellies
  A centaur skeleton (D:6)
  5 orc priests
  2 gnoll boudas
  Jessica (D:3)
  12 orc wizards
  12 adders
  13 gnolls
  A white imp (D:6)
  A howler monkey simulacrum (D:6)
  2 ufetubi (D:5)
  2 worms
  3 dart slugs
  33 orcs
  12 endoplasms
  13 giant cockroaches
  5 goblins
  7 hobgoblins
  6 jackals (D:1)
  9 quokkas
  21 ball pythons
  4 bats
  8 frilled lizards
  4 kobolds
  12 rats
306 creatures vanquished.

Vanquished Creatures (others)
  An orc wizard (D:11)
  11 demonic plants (Gauntlet)
  10 fungi (Lair:1)
  9 plants (Lair:1)
  14 withered plants (Gauntlet)
45 creatures vanquished.

Grand Total: 351 creatures vanquished

Notes
Turn   | Place    | Note
-------+----------+-------------------------------------------
     0 | Abyss:1  | xian the Demonspawn Abyssal Knight began the quest for the
                  | Orb.
     0 | Abyss:1  | Reached XP level 1. HP: 18/18 MP: 2/2
     2 | D:1      | Escaped the Abyss
   156 | D:1      | Found a faded altar of an unknown god.
   305 | D:1      | Gained mutation: Spells you cast may paralyse adjacent
                  | enemies. [demonic ancestry]
   305 | D:1      | Reached XP level 2. HP: 22/24 MP: 3/3
   608 | D:1      | Reached skill level 1 in Dodging
  1094 | D:1      | Reached *** piety under Lugonu
  1214 | D:1      | Gained mutation: You are partially covered in thin metallic
                  | scales. (AC +2) [demonic ancestry]
  1214 | D:1      | Reached XP level 3. HP: 29/29 MP: 5/5
  1535 | D:2      | Reached skill level 1 in Short Blades
  1786 | D:2      | Reached XP level 4. HP: 36/36 MP: 6/6
  2319 | D:3      | Noticed Jessica
  2328 | D:3      | Killed Jessica
  2408 | D:3      | Identified the +8 short sword of Earthquakes {protect,
                  | Str+2 Int+2 Dex+4 SInv}
  2701 | D:3      | Found a glowing drain.
  2714 | Sewer    | Entered a sewer
  2895 | Sewer    | Reached XP level 5. HP: 30/42 MP: 7/7
  2898 | Sewer    | Reached **** piety under Lugonu
  3494 | Sewer    | Gained mutation: You have a small tail. [demonic ancestry]
  3494 | Sewer    | Reached XP level 6. HP: 18/48 MP: 8/8
  3512 | Sewer    | Identified the +0 storm dragon scales of Conscience {rElec
                  | rPois rN+ Str+7 Int-2}
  4726 | D:5      | Entered Level 5 of the Dungeon
  4806 | D:5      | Gained mutation: You have a tail ending in a sharp stinger.
                  | [demonic ancestry]
  4806 | D:5      | Reached XP level 7. HP: 52/55 MP: 9/9
  4831 | D:5      | Found a burning altar of Makhleb.
  4833 | D:5      | Noticed Prince Ribbit
  4860 | D:5      | Killed Prince Ribbit
  4861 | D:5      | Reached skill level 1 in Shields
  4960 | D:5      | Found a hazy altar of Hepliaklqana.
  5003 | D:5      | Reached skill level 5 in Fighting
  5108 | D:5      | Noticed a yak
  5110 | D:5      | Noticed a kobold demonologist
  5125 | D:5      | Killed a yak
  5126 | D:5      | Reached XP level 8. HP: 54/62 MP: 10/10
  5138 | D:5      | Killed a kobold demonologist
  5139 | D:5      | Reached skill level 5 in Short Blades
  5139 | D:5      | Reached skill level 1 in Stealth
  5537 | D:5      | Reached skill level 1 in Throwing
  5671 | D:6      | Noticed Eustachio
  5692 | D:6      | Killed Eustachio
  5807 | D:6      | Reached skill level 5 in Armour
  5807 | D:6      | Gained mutation: You are partially covered in sharp spines.
                  | [demonic ancestry]
  5807 | D:6      | Reached XP level 9. HP: 39/68 MP: 11/11
  6023 | D:6      | Noticed Blork the orc
  6030 | D:6      | Killed Blork the orc
  6037 | D:6      | Found a staircase to the Ecumenical Temple.
  6141 | D:6      | Found a runed translucent gate.
  6141 | D:6      | Found a runed translucent gate.
  6141 | D:6      | Found a runed translucent gate.
  6143 | D:6      | Noticed OhItsWolfy's ghost (amateur GrFi)
  6185 | D:6      | Killed OhItsWolfy's ghost
  6350 | D:6      | Reached ***** piety under Lugonu
  6517 | D:6      | Identified the +4 ring mail "Fuloqel" {Stlth+}
  7256 | D:7      | Found a runed translucent door.
  7257 | D:7      | Noticed Crazy Yiuf
  7263 | D:7      | Killed Crazy Yiuf
  7328 | D:7      | Noticed Maggie
  7773 | D:7      | Identified the +3 dagger "Hydra's Nightmare" {elec, Contam
                  | rPois Will+}
  8036 | D:7      | Found Ciang's Antique Weapon Shoppe.
  8143 | D:7      | Killed Maggie
  8144 | D:7      | Gained mutation: You have a sharp stinger which inflicts
                  | weakening toxins. [demonic ancestry]
  8144 | D:7      | Reached XP level 10. HP: 16/76 MP: 12/12
  8844 | D:8      | Noticed Erica
  8857 | D:8      | Killed Erica
  8876 | D:8      | Reached skill level 5 in Shields
  9103 | D:8      | Found a sparkling altar of Nemelex Xobeh.
  9105 | D:8      | Found a sacrificial altar of Ru.
  9105 | D:8      | Found an ancient bone altar of Kikubaaqudgha.
  9105 | D:8      | Found a shimmering blue altar of Sif Muna.
  9105 | D:8      | Found a snail-covered altar of Cheibriados.
  9107 | D:8      | Found an opulent altar of Gozag.
  9107 | D:8      | Found a bloodstained altar of Trog.
  9109 | D:8      | Found a hide-covered altar of Uskayaw.
  9109 | D:8      | Found an ornate altar of the Wu Jian Council.
  9109 | D:8      | Found a shimmering altar of Xom.
  9110 | D:8      | Noticed Maurice
  9127 | D:8      | Killed Maurice
  9128 | D:8      | Reached skill level 5 in Dodging
  9643 | D:8      | Noticed Pikel
  9659 | D:8      | Killed Pikel
 10049 | D:9      | Identified the +9 shortbow of Efoul {freeze, rCorr Int+3}
 10413 | D:9      | Found Qoxtyxt's Book Shop.
 10771 | D:9      | Identified a scroll of acquirement
 10772 | D:9      | Acquired the ring of Saic {Ice rElec rN+}
 10808 | D:10     | Entered Level 10 of the Dungeon
 10835 | D:10     | Gained mutation: You are mostly covered in sharp spines.
                  | [demonic ancestry]
 10835 | D:10     | Reached XP level 11. HP: 76/83 MP: 13/13
 10959 | D:10     | Noticed Erolcha
 10991 | D:10     | Found a stormy altar of Qazlal.
 10995 | D:10     | Killed Erolcha
 11183 | D:10     | Noticed an orange crystal statue
 11189 | D:10     | Identified the ring of Leicloit {rF+ rC+++ SInv}
 11831 | D:10     | Found a staircase to the Orcish Mines.
 12345 | D:10     | Noticed an eight-headed hydra
 12717 | D:10     | Noticed a two-headed ogre
 12909 | D:11     | Found a transporter.
 12913 | D:11     | Found a transporter.
 12914 | D:11     | Noticed Nerdsrcool's ghost (journeyman GnCA)
 12915 | D:11     | Identified the +7 giant club of Sahemm {vorpal, Int+4
                  | Dex+4}
 12915 | D:11     | Identified the +6 great mace "Vori" {vorpal, rC+ rN+ Str+2
                  | Dex+2}
 12915 | D:11     | Noticed a two-headed ogre
 12921 | D:11     | Noticed a two-headed ogre
 12921 | D:11     | Noticed a two-headed ogre
 12922 | D:11     | Noticed a two-headed ogre
 12956 | D:11     | Noticed a six-headed hydra
 12970 | D:11     | Killed a six-headed hydra
 13200 | D:11     | Noticed a purple ugly thing
 13216 | D:11     | Killed a purple ugly thing
 13273 | D:11     | Found a staircase to the Lair.
 13849 | D:11     | Noticed Urug
 13850 | D:11     | Noticed a soul eater
 14401 | D:11     | Killed Urug
 14408 | D:11     | Noticed Grum
 14428 | D:11     | Killed Grum
 14861 | Lair:1   | Entered Level 1 of the Lair of Beasts
 15092 | Lair:1   | Reached XP level 12. HP: 65/91 MP: 14/14
 15942 | Lair:2   | Found a hole to the Spider Nest.
 15955 | Lair:2   | Found a gate leading to a gauntlet.
 15977 | Gauntlet | Entered a Gauntlet
 15977 | Gauntlet | Found a transporter.
 15987 | Gauntlet | Found a transporter.
 15989 | Gauntlet | Found a transporter.
 15990 | Gauntlet | Found a transporter.
 15993 | Gauntlet | Found a transporter.
 15994 | Gauntlet | Found a transporter.
 16001 | Gauntlet | Noticed a reaper
 16007 | Gauntlet | Found a transporter.
 16025 | Gauntlet | Found a transporter.
 16163 | Gauntlet | Killed from afar by a wretched star

Illustrated notes

Levels and vault maps discovered:
D:1:      amcnicky_arrival_single_pillar, layout_loops_ring,
          basic_ecumenical_altar, serial_glass, glass_columns_a,
          glass_columns_c, glass_columns_c, glass_columns_a, glass_columns_b,
          glass_columns_c, glass_columns_b, glass_columns_a,
          minmay_strange_pillars
D:2:      layout_basic
D:3:      layout_loops_corners, cheibrodos_sewer_entry_bend,
          minmay_pentomino_pile, uniq_jessica
D:4:      layout_cave_pools, chequers_serial_rivers_large_a
D:5:      kennysheep_big_flooded_room, layout_basic,
          mainiacjoe_overflow_concentric_impassable,
          mainiacjoe_overflow_cross_hatched, grunt_ministairs_9,
          uniq_prince_ribbit1
D:6:      layout_basic, minmay_temple_entry_slanted, gammafunk_ghost_necromancy,
          nrook_loot_triangle, uniq_eustachio, uniq_blork_the_orc
D:7:      layout_basic, serial_shops, kennysheep_mini, centaur_isle,
          uniq_crazy_yiuf_cottage, uniq_maggie
D:8:      layout_cave_pools, nicolae_overflows_in_rows, uniq_maurice,
          uniq_erica, uniq_pikel
D:9:      layout_cave_pools, serial_shops, shop
D:10:     layout_irregular_city, mainiacjoe_overflow_small_starburst,
          erik_orc_1, minmay_protected_statue, uniq_erolcha
D:11:     layout_layer_cave, lair_entry_dummy, gammafunk_ghost_smash, uniq_urug,
          uniq_grum
Lair:1:   layout_loops_ring
Lair:2:   layout_roguey, nicolae_swamp_entry_splash_gauntlet,
          spider_nest_entry_a, gauntlet_entry_generic, minmay_lair_oklob_items,
          serial_bayou_ford_a, grunt_megastairs_5
Gauntlet: minmay_gauntlet_mixed_oops_all_seconds
          [minmay_gauntlet_arena_77_mirror, nicolae_gauntlet_arena_quarters,
          minmay_gauntlet_arena_77_braids, gammafunk_gauntlet_arena_hedges,
          minmay_gauntlet_arena_77_museum,
          gammafunk_gauntlet_arena_arrow_garden, gauntlet_exit_green]

Skill      XL: |  1  2  3  4  5  6  7  8  9 10 11 12 |
---------------+-------------------------------------+-----
Axes           | 2 |  2.1
Dodging        | 1 2 3 4 5 |  5.9
Short Blades   | 1 2 3 4 6 8 9 |  9.6
Armour         | 2 4 5 6 7 8 |  8.7
Fighting       | 4 5 6 7 |  7.6
Shields        | 1 2 3 6 9 |  9.2
Stealth        | 1 |  1.4
Throwing       | 1 2 |  2.6
Invocations    | 3 |  3.3
Unarmed Combat | |  0.8

Action                   |  1- 3 |  4- 6 |  7- 9 | 10-12 || total
-------------------------+-------+-------+-------+-------++-------
Melee: Hand axe          |    32 |       |       |       ||    32
       Short sword       |   116 |   346 |   285 |   649 ||  1396
       Punch             |     2 |     6 |       |       ||     8
       Tailslap          |       |     8 |    44 |   117 ||   169
       Unarmed           |       |       |       |    10 ||    10
Throw: Dart              |       |     3 |     1 |     4 ||     8
       Boomerang         |       |       |       |     5 ||     5
  Use: Scroll            |       |    11 |     2 |    10 ||    23
       Potion            |       |     1 |     3 |    16 ||    20
 Stab: Sleeping          |       |     1 |       |       ||     1
       Confused          |       |       |       |     1 ||     1
Armor: Leather armour    |   107 |   229 |       |       ||   336
       Storm dragon scal |       |    41 |   168 |   427 ||   636
       Skin              |       |       |       |     3 ||     3
Dodge: Dodged            |   141 |   339 |   105 |   205 ||   790
Block: Buckler           |       |    14 |    53 |       ||    67
       Tower shield      |       |       |    39 |   660 ||   699
